GULF
SARASOTA EAGLES @ PORT ARTHUR PIRATES
06/29/1982
 
TOP OF THE 1ST
Sarasota Eagles batting - Pitching for Port Arthur Pirates : RHP Christopher Willsher
Pitching: RHP Christopher Willsher
Batting: SHB Todd Mabe 0-0: Foul Ball, location: 2F
0-1: Ground out 4-3 (Groundball, 4, EV 90.6 MPH)
Batting: RHB Gary Appino 0-0: Ball
1-0: Ball
2-0: Called Strike
2-1: Foul Ball, location: 2F
2-2: SINGLE (Groundball, 6M, EV 101.3 MPH) (infield hit)
Batting: RHB Thomas Brassil 0-0: Ball
1-0: Called Strike
1-1: Ball
2-1: Ball
3-1: Base on Balls
Gary Appino to second
Batting: SHB Ramon Sambo 0-0: Ball
Gary Appino steals 3rd base
Thomas Brassil to second
1-0: Called Strike
1-1: Fly out, F2 (Popup, 23F, EV 89.4 MPH)
Batting: LHB Dave Martinez 0-0: Ball
1-0: Ball
2-0: Foul Ball, location: 2F
2-1: Foul Ball, location: 2F
2-2: Ball
3-2: Strikes out swinging
Top of the 1st over - 0 runs, 1 hit, 0 errors, 2 left on base; Sarasota 0 - Port Arthur 0
BOTTOM OF THE 1ST
Port Arthur Pirates batting - Pitching for Sarasota Eagles : RHP Ricky Canas
Pitching: RHP Ricky Canas
Batting: SHB Geoff Doggett 0-0: Swinging Strike
0-1: Called Strike
0-2: Strikes out looking
Batting: RHB Billy Ripken 0-0: Ball
1-0: Foul Ball, location: 2F
1-1: Ball
2-1: Swinging Strike
2-2: SINGLE (Groundball, 6D, EV 103.8 MPH)
Batting: RHB Steve Stanicek 0-0: Called Strike
0-1: Called Strike
Billy Ripken steals 2nd base
0-2: Foul Ball, location: 2F
0-2: Foul Ball, location: 2F
0-2: Foul Ball, location: 2F
0-2: Ball
1-2: Ball
2-2: Foul Ball, location: 2F
2-2: Foul Ball, location: 2F
2-2: Fly out, F8 (Flyball, 89S, EV 82.5 MPH)
Batting: LHB Dan Aruca 0-0: Ball
1-0: Foul Ball, location: 2F
1-1: Called Strike
1-2: Strikes out swinging
Bottom of the 1st over - 0 runs, 1 hit, 0 errors, 1 left on base; Sarasota 0 - Port Arthur 0
TOP OF THE 2ND
Sarasota Eagles batting - Pitching for Port Arthur Pirates : RHP Christopher Willsher
Batting: LHB John Metasavage 0-0: Ball
1-0: Foul Ball, location: 2F
1-1: Foul Ball, location: 2F
1-2: Ball
2-2: Fly out, F5 (Popup, 56S, EV 70.6 MPH)
Batting: RHB Matt Stark 0-0: Foul Ball, location: 2F
0-1: Ball
1-1: Foul Ball, location: 2F
1-2: Ground out 6-3 (Groundball, 6M, EV 78.8 MPH)
Batting: LHB Jesus Mercado 0-0: Called Strike
0-1: Ball
1-1: Called Strike
1-2: Ball
2-2: Foul Ball, location: 2F
2-2: Foul Ball, location: 2F
2-2: Ball
3-2: Foul Ball, location: 2F
3-2: Strikes out swinging
Top of the 2nd over - 0 runs, 0 hits, 0 errors, 0 left on base; Sarasota 0 - Port Arthur 0
BOTTOM OF THE 2ND
Port Arthur Pirates batting - Pitching for Sarasota Eagles : RHP Ricky Canas
Batting: LHB Mark Swiski 0-0: Swinging Strike
0-1: Foul Ball, location: 2F
0-2: Strikes out swinging
Batting: RHB Pedro LaTorre 0-0: Swinging Strike
0-1: Ground out U3 (Groundball, 34, EV 82.5 MPH)
Batting: LHB Chris Rehbaum 0-0: Ball
1-0: Foul Ball, location: 2F
1-1: Foul Ball, location: 2F
1-2: Strikes out swinging
Bottom of the 2nd over - 0 runs, 0 hits, 0 errors, 0 left on base; Sarasota 0 - Port Arthur 0
TOP OF THE 3RD
Sarasota Eagles batting - Pitching for Port Arthur Pirates : RHP Christopher Willsher
Batting: RHB Jose Estrada 0-0: Swinging Strike
0-1: Ball
1-1: Ball
2-1: Ball
3-1: Foul Ball, location: 2F
3-2: Ground out 5-3 (Groundball, 5S, EV 86.3 MPH)
Batting: SHB Todd Mabe 0-0: Ball
1-0: Swinging Strike
1-1: Swinging Strike
1-2: Ground out 5-3 (Groundball, 56S, EV 62.5 MPH)
Batting: RHB Gary Appino 0-0: Ball
1-0: Ball
2-0: Ball
3-0: Base on Balls
Batting: RHB Thomas Brassil 0-0: Ball
1-0: Called Strike
1-1: Foul Ball, location: 2F
1-2: Strikes out swinging
Top of the 3rd over - 0 runs, 0 hits, 0 errors, 1 left on base; Sarasota 0 - Port Arthur 0
BOTTOM OF THE 3RD
Port Arthur Pirates batting - Pitching for Sarasota Eagles : RHP Ricky Canas
Batting: RHB Fredi Gonzalez 0-0: Ball
1-0: Ball
2-0: Foul Ball, location: 2F
2-1: Ball
3-1: Called Strike
3-2: Base on Balls
Batting: RHB Michael Kwiecinski 0-0: Ball
1-0: Ball
2-0: Ball
3-0: Base on Balls
Fredi Gonzalez to second
Batting: SHB Geoff Doggett 0-0: Ball
1-0: Fly out, F7 (Flyball, 78D, EV 90.0 MPH)
Batting: RHB Billy Ripken 0-0: Ball
1-0: Ball
2-0: Foul Ball, location: 2F
2-1: Fielders Choice at 2nd, 5-4 (Groundball, 56, EV 103.1 MPH)
Fredi Gonzalez to third
Batting: RHB Steve Stanicek 0-0: SINGLE (Groundball, 34D, EV 97.5 MPH)
Fredi Gonzalez scores
Billy Ripken to second
Runner from 2nd tries for 3rd, SAFE, throw by RF made to third
Batting: LHB Dan Aruca 0-0: Ball
1-0: Called Strike
1-1: Fly out, F6 (Popup, 56D, EV 73.1 MPH)
Bottom of the 3rd over - 1 run, 1 hit, 0 errors, 2 left on base; Sarasota 0 - Port Arthur 1
TOP OF THE 4TH
Sarasota Eagles batting - Pitching for Port Arthur Pirates : RHP Christopher Willsher
Batting: SHB Ramon Sambo 0-0: Ball
1-0: Ball
2-0: Called Strike
2-1: Ball
3-1: Base on Balls
Batting: LHB Dave Martinez 0-0: Ball
1-0: Called Strike
1-1: Swinging Strike
1-2: Strikes out swinging
Batting: LHB John Metasavage 0-0: Ball
1-0: Called Strike
Ramon Sambo is caught stealing 2nd base 2-6
1-1: Ball
2-1: Swinging Strike
2-2: Strikes out looking
Top of the 4th over - 0 runs, 0 hits, 0 errors, 0 left on base; Sarasota 0 - Port Arthur 1
BOTTOM OF THE 4TH
Port Arthur Pirates batting - Pitching for Sarasota Eagles : RHP Ricky Canas
Batting: LHB Mark Swiski 0-0: Ball
1-0: Foul Ball, location: 2F
1-1: Swinging Strike
1-2: Ball
2-2: Fly out, F5 (Popup, 56, EV 63.1 MPH)
Batting: RHB Pedro LaTorre 0-0: Ball
1-0: Ground out 1-3 (Groundball, 34S, EV 68.8 MPH)
Batting: LHB Chris Rehbaum 0-0: Ball
1-0: Swinging Strike
1-1: Ground out U3 (Groundball, 3, EV 85.0 MPH)
Bottom of the 4th over - 0 runs, 0 hits, 0 errors, 0 left on base; Sarasota 0 - Port Arthur 1
TOP OF THE 5TH
Sarasota Eagles batting - Pitching for Port Arthur Pirates : RHP Christopher Willsher
Batting: RHB Matt Stark 0-0: Ball
1-0: Ball
2-0: Ball
3-0: Called Strike
3-1: Base on Balls
Batting: LHB Jesus Mercado 0-0: Ball
1-0: Ball
2-0: Ball
3-0: Base on Balls
Matt Stark to second
Batting: RHB Jose Estrada 0-0: SINGLE (Groundball, 56D, EV 89.4 MPH) (infield hit)
Matt Stark to third
Jesus Mercado to second
Batting: SHB Todd Mabe 0-0: Foul Ball, location: 2F
0-1: Foul Ball, location: 2F
0-2: Strikes out swinging
Batting: RHB Gary Appino 0-0: Called Strike
0-1: Ball
1-1: Swinging Strike
1-2: Strikes out looking
Batting: RHB Thomas Brassil 0-0: Foul Ball, location: 2F
0-1: Swinging Strike
0-2: Ball
1-2: Ball
2-2: Strikes out swinging
Top of the 5th over - 0 runs, 1 hit, 0 errors, 3 left on base; Sarasota 0 - Port Arthur 1
BOTTOM OF THE 5TH
Port Arthur Pirates batting - Pitching for Sarasota Eagles : RHP Ricky Canas
Batting: RHB Fredi Gonzalez 0-0: Called Strike
0-1: Swinging Strike
0-2: Ball
1-2: Foul Ball, location: 2F
1-2: DOUBLE (Line Drive, 78D, EV 103.1 MPH)
Batting: RHB Michael Kwiecinski 0-0: Called Strike
0-1: Called Strike
0-2: Strikes out swinging
Batting: SHB Geoff Doggett 0-0: Called Strike
0-1: Ball
1-1: Ball
2-1: Foul Ball, location: 2F
2-2: Fly out, F8 (Flyball, 89D, EV 98.8 MPH)
Runner from 2nd tags up, SAFE at 3rd, no throw by CF
Batting: RHB Billy Ripken 0-0: Ball
1-0: Ball
2-0: Swinging Strike
2-1: Called Strike
2-2: Strikes out swinging
Bottom of the 5th over - 0 runs, 1 hit, 0 errors, 1 left on base; Sarasota 0 - Port Arthur 1
TOP OF THE 6TH
Sarasota Eagles batting - Pitching for Port Arthur Pirates : RHP Christopher Willsher
Batting: SHB Ramon Sambo 0-0: Foul Ball, location: 2F
0-1: Ball
1-1: Called Strike
1-2: Foul Ball, location: 2F
1-2: Ball
2-2: Ball
3-2: Foul Ball, location: 2F
3-2: Base on Balls
Batting: LHB Dave Martinez 0-0: Ball
1-0: Called Strike
1-1: Foul Ball, location: 2F
1-2: Ball
2-2: Ball
3-2: Ground out U3 (Groundball, 3S, EV 72.5 MPH)
Ramon Sambo to second
Batting: LHB John Metasavage 0-0: Called Strike
Ramon Sambo steals 3rd base (no throw)
0-1: SINGLE (Line Drive, 78S, EV 87.5 MPH)
Ramon Sambo scores
Batting: RHB Matt Stark 0-0: Ball
1-0: Swinging Strike
1-1: Ball
2-1: Fly out, F8 (Flyball, 8LD, EV 90.6 MPH)
Batting: LHB Jesus Mercado 0-0: Ball
1-0: Foul Ball, location: 2F
1-1: Foul Ball, location: 2F
1-2: Strikes out swinging
Top of the 6th over - 1 run, 1 hit, 0 errors, 1 left on base; Sarasota 1 - Port Arthur 1
BOTTOM OF THE 6TH
Port Arthur Pirates batting - Pitching for Sarasota Eagles : RHP Ricky Canas
Batting: RHB Steve Stanicek 0-0: Foul Ball, location: 2F
0-1: Fly out, F9 (Flyball, 9D, EV 106.9 MPH)
Batting: LHB Dan Aruca 0-0: Foul Ball, location: 2F
0-1: Foul Ball, location: 2F
0-2: SINGLE (Groundball, 34D, EV 94.4 MPH)
Batting: LHB Mark Swiski 0-0: Ball
1-0: Called Strike
Dan Aruca steals 2nd base (no throw)
1-1: Foul Ball, location: 2F
1-2: Ball
2-2: Ground out U3 (Groundball, 3L, EV 86.9 MPH)
Dan Aruca to third
Batting: RHB Pedro LaTorre 0-0: Called Strike
0-1: Foul Ball, location: 2F
0-2: Fly out, F7 (Flyball, 7S, EV 81.9 MPH)
Bottom of the 6th over - 0 runs, 1 hit, 0 errors, 1 left on base; Sarasota 1 - Port Arthur 1
TOP OF THE 7TH
Sarasota Eagles batting - Pitching for Port Arthur Pirates : RHP Christopher Willsher
Batting: RHB Jose Estrada 0-0: Ball
1-0: Swinging Strike
1-1: Ball
2-1: Swinging Strike
2-2: Foul Ball, location: 2F
2-2: Strikes out swinging
Batting: SHB Todd Mabe 0-0: Foul Ball, location: 2F
0-1: SOLO HOME RUN (Flyball, 9D, EV 97.5 MPH), Distance : 350 ft
Batting: RHB Gary Appino 0-0: Foul Ball, location: 2F
0-1: Foul Ball, location: 2F
0-2: Strikes out looking
Batting: RHB Thomas Brassil 0-0: Ball
1-0: Ball
2-0: Ball
3-0: Called Strike
3-1: Fly out, F8 (Flyball, 8LS, EV 91.9 MPH)
Top of the 7th over - 1 run, 1 hit, 0 errors, 0 left on base; Sarasota 2 - Port Arthur 1
BOTTOM OF THE 7TH
Port Arthur Pirates batting - Pitching for Sarasota Eagles : RHP Ricky Canas
Batting: LHB Chris Rehbaum 0-0: Foul Ball, location: 2F
0-1: Ball
1-1: Ball
2-1: Ball
3-1: Fly out, F4 (Popup, 4D, EV 45.0 MPH)
Pitching: RHP Ricky Rodriguez
Batting: RHB Fredi Gonzalez 0-0: Called Strike
0-1: Ball
1-1: Swinging Strike
1-2: Ball
2-2: Foul Ball, location: 2F
2-2: Foul Ball, location: 2F
2-2: Hit by Pitch
Pinch Hitting: LHB Paul Hollins 0-0: Called Strike
0-1: Ball
1-1: Called Strike
1-2: Foul Ball, location: 2F
1-2: SINGLE (Line Drive, 8LS, EV 90.0 MPH)
Fredi Gonzalez to second
Batting: SHB Geoff Doggett 0-0: Called Strike
Fredi Gonzalez is caught stealing 3rd base 2-5
0-1: Swinging Strike
0-2: Ball
1-2: Fly out, F7 (Flyball, 7, EV 85.0 MPH)
Bottom of the 7th over - 0 runs, 1 hit, 0 errors, 1 left on base; Sarasota 2 - Port Arthur 1
TOP OF THE 8TH
Sarasota Eagles batting - Pitching for Port Arthur Pirates : RHP Christopher Willsher
Now at 3B: Michael Murray
Batting: SHB Ramon Sambo 0-0: Ground out U3 (Groundball, 3, EV 78.1 MPH)
Batting: LHB Dave Martinez 0-0: Swinging Strike
0-1: Foul Ball, location: 2F
0-2: Strikes out looking
Batting: LHB John Metasavage 0-0: Called Strike
0-1: Swinging Strike
0-2: Strikes out looking
Top of the 8th over - 0 runs, 0 hits, 0 errors, 0 left on base; Sarasota 2 - Port Arthur 1
BOTTOM OF THE 8TH
Port Arthur Pirates batting - Pitching for Sarasota Eagles : RHP Ricky Rodriguez
Batting: RHB Billy Ripken 0-0: Ball
1-0: Ball
2-0: Called Strike
2-1: Ball
3-1: SINGLE (Groundball, 6S, EV 60.0 MPH) (infield hit)
Batting: RHB Steve Stanicek 0-0: Foul Ball, location: 2F
0-1: Ball
1-1: Swinging Strike
1-2: Strikes out swinging
Pitching: RHP Kent Johnson
Pinch Hitting: LHB John Rubel 0-0: Called Strike
0-1: Foul Ball, location: 2F
0-2: Hit by Pitch
Billy Ripken to second
Batting: LHB Ron Salcedo 0-0: 3-RUN HOME RUN (Flyball, 9D, EV 106.9 MPH), Distance : 371 ft
Batting: RHB Pedro LaTorre 0-0: Ball
1-0: Called Strike
1-1: Ground out 4-3 (Groundball, 4, EV 85.0 MPH)
Batting: LHB Chris Rehbaum 0-0: Ball
1-0: Ground out 4-3 (Groundball, 4, EV 83.8 MPH)
Bottom of the 8th over - 3 runs, 2 hits, 0 errors, 0 left on base; Sarasota 2 - Port Arthur 4
TOP OF THE 9TH
Sarasota Eagles batting - Pitching for Port Arthur Pirates : RHP Christopher Willsher
Pitching: LHP Victor Guichardo
Now in LF: James Atkinson
Batting: RHB Matt Stark 0-0: Fly out, F6 (Line Drive, 6, EV 69.4 MPH)
Batting: LHB Jesus Mercado 0-0: SINGLE (Line Drive, 4MD, EV 98.8 MPH)
Batting: RHB Jose Estrada 0-0: Ball
Pickoff Throw by Catcher to First - Error! E2
Jesus Mercado to second
1-0: Ground out 5-3 (Groundball, 56, EV 75.6 MPH)
Batting: SHB Todd Mabe 0-0: Ball
1-0: Foul Ball, location: 2F
1-1: Foul Ball, location: 2F
1-2: Ball
2-2: Ball
3-2: Ground out 3-1 (Groundball, 34S, EV 88.8 MPH)
Top of the 9th over - 0 runs, 1 hit, 1 error, 1 left on base; Sarasota 2 - Port Arthur 4
Wednesday, August 12th, 2020 - OOTP Baseball 21.5 Build 76